[Event "Titled Tuesday Blitz November 22 Early 2022"]
[White "Ibarra Jerez, Jose Carlos"]
[Black "Goldin, Alexander"]
[WhiteFideId "2226332"]
[BlackFideId "2019540"]
[WhiteElo "2638"]
[BlackElo "2632"]
[Result "1-0"]
[Round "03"]
[TimeControl "180+1"]
[Date "2022.11.22"]
[WhiteClock "0:01:21"]
[BlackClock "0:00:11"]

1. e4 e5 2. Nf3 Nc6 3. Bb5 a6 4. Bxc6 dxc6 5. O-O f6 6. d4 exd4 7. Nxd4 c5 8. Nb3 Qxd1 9. Rxd1 Bd7 10. Bf4 O-O-O 11. Nc3 c4 12. Na5 Bb4 13. Bxc7 Bxa5 14. Bxa5 Re8 15. Rd4 Be6 16. Nd5 Bxd5 17. exd5 b5 18. a4 Nh6 19. axb5 axb5 20. Bb4 Kb7 21. d6 Nf5 22. Rd5 Re5 23. Rdd1 Rd8 24. d7 Ne7 25. Ba5 Nc6 26. Bxd8 Nxd8 27. Re1 Rd5 28. Rad1 Rxd1 29. Rxd1 Kc7 30. c3 Nb7 31. f3 Kd8 32. Rd5 1-0


[Site "https://www.chess.com"]

[Event "Titled Tuesday Blitz November 22 Early 2022"]
[White "Ilkhomi, Jaloliddin"]
[Black "Agasarov, Benik"]
[WhiteFideId "14700948"]
[BlackFideId "13314823"]
[WhiteElo "2045"]
[BlackElo "2178"]
[Result "0-1"]
[Round "03"]
[TimeControl "180+1"]
[Date "2022.11.23"]
[WhiteClock "0:00:06"]
[BlackClock "0:00:33"]

1. d4 Nf6 2. Nf3 d5 3. Bf4 c5 4. e3 Nc6 5. c3 Qb6 6. Qc2 Bf5 7. dxc5 Bxc2 8. cxb6 axb6 9. Na3 Ba4 10. Nb5 Bxb5 11. Bxb5 e6 12. Ne5 Rc8 13. Ke2 Nh5 14. Bg3 Nxg3+ 15. hxg3 Bd6 16. Nf3 Ke7 17. Rhd1 Ra8 18. a3 h6 19. Nd4 Rhc8 20. Rac1 Ra5 21. Bd3 Ne5 22. f4 Nd7 23. Rc2 Raa8 24. g4 Nc5 25. g3 Nd7 26. Kf3 Bc5 27. Rdc1 Nf6 28. Nb5 Bd6 29. Nxd6 Kxd6 30. e4 dxe4+ 31. Bxe4 Rc7 32. Rd2+ Ke7 33. Rcd1 Ra5 34. Rd4 Rb5 35. Rb4 Rxb4 36. axb4 Ne8 37. Ra1 Nd6 38. Bd3 Rc8 39. Ra7 Rd8 40. Be4 Rd7 41. Bd3 Nc8 42. Ra8 Rxd3+ 43. Ke4 Rd8 44. Ke3 0-1


[Site "https://www.chess.com"]

[Event "Titled Tuesday Blitz November 22 Early 2022"]
[White "Ismayil, Malak"]
[Black "Sanchez, Robert"]
[WhiteFideId "13412604"]
[BlackFideId "2034360"]
[WhiteElo "1879"]
[BlackElo "2288"]
[Result "0-1"]
[Round "03"]
[TimeControl "180+1"]
[Date "2022.11.23"]
[WhiteClock "0:01:15"]
[BlackClock "0:01:33"]

1. e4 d5 2. exd5 Qxd5 3. Nc3 Qe6+ 4. Be2 Qg6 5. Bf3 Nc6 6. Nge2 e5 7. d3 Bd7 8. Be3 O-O-O 9. Qd2 f5 10. g3 Kb8 11. O-O-O Nf6 12. a3 Bd6 13. Nb5 a6 14. Nxd6 cxd6 15. Nc3 Rc8 16. Kb1 Be6 17. Bg2 d5 18. d4 e4 19. Ne2 Qe8 20. Bf4+ Ka7 21. Be5 Nd7 22. Bxg7 Rg8 23. Bh6 Nb6 24. Bf1 Nc4 25. Qc1 N6a5 26. Bd2 Nxd2+ 27. Qxd2 Nc4 28. Qc1 Rc6 29. Nc3 Nxa3+ 30. bxa3 Rxc3 31. Qb2 Qc6 32. Be2 Rc8 33. Rd2 Qa4 34. Rc1 Rxa3 35. Bd1 Rac3 36. g4 R8c6 0-1


[Site "https://www.chess.com"]

[Event "Titled Tuesday Blitz November 22 Early 2022"]
[White "Jarmula, Lukasz"]
[Black "Omariev, Maksim"]
[WhiteFideId "1160664"]
[BlackFideId "4193423"]
[WhiteElo "2357"]
[BlackElo "2449"]
[Result "1-0"]
[Round "03"]
[TimeControl "180+1"]
[Date "2022.11.23"]
[WhiteClock "0:01:35"]
[BlackClock "0:00:01"]

1. e4 c5 2. Nf3 d6 3. Bb5+ Nd7 4. a4 a6 5. Be2 Ngf6 6. Nc3 b6 7. d4 cxd4 8. Qxd4 Bb7 9. O-O e6 10. Bg5 Be7 11. Rfd1 O-O 12. Nd2 Rc8 13. Rac1 Re8 14. Be3 Qc7 15. Nc4 d5 16. exd5 Nxd5 17. Nxd5 Bxd5 18. Nxb6 Nxb6 19. Qxb6 Qxb6 20. Bxb6 Bc4 21. Bxc4 Rxc4 22. b3 Rc6 23. Be3 Ba3 24. Ra1 Bb2 25. Ra2 Bc3 26. Kf1 a5 27. Ke2 f5 28. f3 e5 29. Rd5 f4 30. Bd2 e4 31. fxe4 Rxe4+ 32. Kd3 Bxd2 33. Kxe4 Be3 34. c4 1-0


[Site "https://www.chess.com"]

[Event "Titled Tuesday Blitz November 22 Early 2022"]
[White "Jiganchine, Roman"]
[Black "Goltseva, Ekaterina"]
[WhiteFideId "2603667"]
[BlackFideId "24173770"]
[WhiteElo "2313"]
[BlackElo "2200"]
[Result "0-1"]
[Round "03"]
[TimeControl "180+1"]
[Date "2022.11.23"]
[WhiteClock "0:00:31"]
[BlackClock "0:00:07"]

1. e4 c5 2. Nf3 e6 3. g3 d5 4. exd5 Qxd5 5. Nc3 Qd8 6. Bg2 Nf6 7. O-O Nc6 8. Re1 Be7 9. b3 O-O 10. Bb2 Rb8 11. Qe2 b6 12. Rad1 Bb7 13. d4 Nxd4 14. Nxd4 cxd4 15. Nb5 Bxg2 16. Rxd4 Bd5 17. c4 a6 18. Na3 Bc5 19. Rdd1 Qe7 20. cxd5 Bxa3 21. Bxa3 Qxa3 22. dxe6 fxe6 23. Qxe6+ Kh8 24. h4 Qxa2 25. Re2 Qa5 26. h5 Rbe8 27. Qc4 Qxh5 28. Rde1 Rxe2 29. Rxe2 Ng4 0-1


[Site "https://www.chess.com"]

[Event "Titled Tuesday Blitz November 22 Early 2022"]
[White "Jimenez Almeida, Luis David"]
[Black "Bazeev, German"]
[WhiteFideId "22242244"]
[BlackFideId "24119350"]
[WhiteElo "2158"]
[BlackElo "2493"]
[Result "0-1"]
[Round "03"]
[TimeControl "180+1"]
[Date "2022.11.23"]
[WhiteClock "0:00:33"]
[BlackClock "0:01:02"]

1. e4 c5 2. Nc3 Nc6 3. Nge2 g6 4. g3 Bg7 5. Bg2 d6 6. O-O Nf6 7. d4 cxd4 8. Nxd4 Nxd4 9. Qxd4 O-O 10. Qd3 Nd7 11. Be3 Ne5 12. Qe2 Be6 13. Nd5 Bxd5 14. exd5 Qc7 15. Bd4 Qc4 16. Qxc4 Nxc4 17. Bxg7 Kxg7 18. b3 Nb6 19. Rfe1 Kf6 20. c4 Rac8 21. Re3 Rc7 22. Rae1 a5 23. a4 Re8 24. h4 Nd7 25. f4 h5 26. Bh3 Nc5 27. Kg2 Kg7 28. f5 gxf5 29. Bxf5 e5 30. Be4 Nxe4 31. Rxe4 f5 32. R4e3 b6 33. Rf1 Rf7 34. Ref3 Kg6 35. Re3 Rg8 36. Ref3 f4 37. gxf4 Kf5+ 38. Kf2 e4 39. Rg3 Rxg3 40. Kxg3 Rg7+ 41. Kh3 e3 42. Re1 Kxf4 43. Rf1+ Ke4 44. Rf6 e2 45. Rxd6 Re7 0-1


[Site "https://www.chess.com"]

[Event "Titled Tuesday Blitz November 22 Early 2022"]
[White "Johnson, Donald"]
[Black "Levine, David"]
[WhiteFideId "30949122"]
[BlackFideId "2011611"]
[WhiteElo "2132"]
[BlackElo "2192"]
[Result "1-0"]
[Round "03"]
[TimeControl "180+1"]
[Date "2022.11.23"]
[WhiteClock "0:00:32"]
[BlackClock "0:00:13"]

1. b3 Nf6 2. Bb2 d5 3. e3 Bg4 4. Be2 Bxe2 5. Qxe2 c6 6. Nf3 Nbd7 7. O-O Qc7 8. c4 e5 9. d3 Bd6 10. e4 d4 11. a3 c5 12. g3 Nf8 13. Nbd2 Ne6 14. Nh4 g6 15. Ng2 Nh5 16. Rae1 O-O 17. Bc1 Rae8 18. Nf3 f5 19. exf5 Rxf5 20. Ngh4 Nhf4 21. gxf4 Nxf4 22. Bxf4 Rxf4 23. Ng2 Rg4 24. h3 Rxg2+ 25. Kxg2 e4 26. dxe4 Bf4 27. e5 Rf8 28. Qe4 Qe7 29. e6 Rf5 30. b4 Bd6 31. bxc5 Bxc5 32. Nxd4 Qg5+ 33. Kh1 Bxd4 34. e7 Qh5 35. e8=Q+ Kg7 36. Qxd4+ Kh6 37. Qg4 1-0


[Site "https://www.chess.com"]

[Event "Titled Tuesday Blitz November 22 Early 2022"]
[White "Jones, Daniel"]
[Black "Janaszak, Dawid"]
[WhiteFideId "2019655"]
[BlackFideId "1119206"]
[WhiteElo "2346"]
[BlackElo "2226"]
[Result "0-1"]
[Round "03"]
[TimeControl "180+1"]
[Date "2022.11.23"]
[WhiteClock "0:00:05"]
[BlackClock "0:01:16"]

1. e4 c5 2. Nc3 a6 3. f4 b5 4. Nf3 Bb7 5. d3 g6 6. g3 Bg7 7. Bg2 e6 8. O-O Ne7 9. e5 d5 10. exd6 Qxd6 11. Qe2 O-O 12. Ne4 Qc7 13. c3 c4 14. d4 Nd7 15. Ne5 Nf6 16. Nc5 Bxg2 17. Qxg2 Ned5 18. Bd2 Rfd8 19. Rf2 a5 20. h3 b4 21. Nxc4 bxc3 22. bxc3 Nd7 23. Nxd7 Rxd7 24. Ne5 Rdd8 25. c4 Ne7 26. Rc1 Rab8 27. Qe4 Nf5 28. Nc6 Rxd4 29. Nxd4 Bxd4 30. g4 Qc5 31. gxf5 Bxf2+ 32. Kg2 exf5 33. Qd5 Rb2 34. Qd8+ Qf8 35. Qxf8+ Kxf8 36. Kxf2 Rxd2+ 37. Ke3 Rh2 38. Kd4 Ke7 39. Re1+ Kd7 40. Kc5 Rxa2 41. Rd1+ Kc7 42. Re1 Kd7 43. Rd1+ Ke7 44. Re1+ Kf6 45. Kc6 Ra4 46. c5 Rxf4 47. Kc7 Rc4 48. c6 f4 49. Kd7 Kg5 50. c7 Kh4 51. Rf1 Kg3 52. h4 f3 53. Ra1 f2 54. Ra3+ Kg2 55. Ra1 f1=Q 0-1


[Site "https://www.chess.com"]

[Event "Titled Tuesday Blitz November 22 Early 2022"]
[White "Kamsky, Gata"]
[Black "Malyi, Viacheslav"]
[WhiteFideId "2000024"]
[BlackFideId "14123983"]
[WhiteElo "2666"]
[BlackElo "2291"]
[Result "1-0"]
[Round "03"]
[TimeControl "180+1"]
[Date "2022.11.23"]
[WhiteClock "0:01:04"]
[BlackClock "0:00:20"]

1. e4 e5 2. Nf3 Nc6 3. Bb5 a6 4. Ba4 Nf6 5. O-O b5 6. Bb3 Bc5 7. c3 d6 8. a4 Rb8 9. axb5 axb5 10. d4 Bb6 11. h3 O-O 12. Re1 Re8 13. Ng5 Rf8 14. Be3 h6 15. Nf3 Re8 16. Nbd2 Qe7 17. d5 Na5 18. Ba2 Nh5 19. b4 Nc4 20. Nxc4 bxc4 21. Bxc4 Qf6 22. Bxb6 cxb6 23. Bf1 Nf4 24. Re3 Bd7 25. c4 Rec8 26. Nd2 g5 27. Be2 Qg6 28. Bg4 f5 29. exf5 Bxf5 30. Bxf5 Qxf5 31. Qb1 Qf6 32. Ne4 Qg6 33. Qb3 Ra8 34. Rxa8 Rxa8 35. c5 h5 36. cxd6 g4 37. h4 g3 38. fxg3 Ra1+ 39. Kh2 Qg4 40. Nf6+ 1-0


[Site "https://www.chess.com"]

[Event "Titled Tuesday Blitz November 22 Early 2022"]
[White "Khamdamova, Afruza"]
[Black "Cardoso Cardoso, Jose Gabriel"]
[WhiteFideId "14210444"]
[BlackFideId "4430492"]
[WhiteElo "2018"]
[BlackElo "2484"]
[Result "0-1"]
[Round "03"]
[TimeControl "180+1"]
[Date "2022.11.23"]
[WhiteClock "0:00:05"]
[BlackClock "0:00:05"]

1. e4 g6 2. d4 Bg7 3. Nc3 d6 4. Be3 a6 5. Qd2 Nd7 6. f3 b5 7. Nh3 Bb7 8. Nf2 e6 9. Be2 Ngf6 10. O-O-O h5 11. Bg5 Qe7 12. Qe3 e5 13. dxe5 Qxe5 14. Nd3 Qxg5 15. Qxg5 Bh6 16. Qxh6 Rxh6 17. Nf4 Nb6 18. h4 O-O-O 19. Rhe1 Rhh8 20. Bf1 Rhe8 21. g3 b4 22. Nb1 Nfd7 23. Nd2 Ne5 24. Nh3 c5 25. Ng5 Re7 26. f4 Ng4 27. Bh3 Kc7 28. Bxg4 hxg4 29. e5 dxe5 30. Rxe5 Rxe5 31. fxe5 Bd5 32. Nde4 Bxe4 33. Nxe4 Rxd1+ 34. Kxd1 Nd7 35. Ke2 Kc6 36. e6 fxe6 37. Nf2 Nf6 38. Nd3 Kd6 39. Nf4 Ne4 40. Nxg6 Nxg3+ 41. Ke3 Nh5 42. b3 e5 43. Nf8 Ke7 44. Nh7 Ke6 45. Ng5+ Kf5 46. Ne4 Nf6 47. Nxc5 Nd5+ 48. Kf2 e4 49. Nxa6 e3+ 50. Ke2 g3 51. Nxb4 Nxb4 52. Kxe3 Kg4 53. h5 Kxh5 54. Kf3 Kh4 55. a4 Kh3 56. c3 g2 0-1


[Site "https://www.chess.com"]

[Event "Titled Tuesday Blitz November 22 Early 2022"]
[White "Kilic, Eray"]
[Black "Kodinets, Konstantin L."]
[WhiteFideId "44517173"]
[BlackFideId "4122011"]
[WhiteElo "2328"]
[BlackElo "2447"]
[Result "1-0"]
[Round "03"]
[TimeControl "180+1"]
[Date "2022.11.23"]
[WhiteClock "0:00:41"]
[BlackClock "0:00:51"]

1. e4 e5 2. Nf3 d6 3. d4 exd4 4. Nxd4 Nf6 5. Nc3 Be7 6. Bf4 O-O 7. Qd2 Nc6 8. O-O-O Nxd4 9. Qxd4 a6 10. f3 b5 11. g4 c5 12. Qd2 b4 13. Nd5 Nxd5 14. exd5 Bh4 15. Bd3 a5 16. Bg3 a4 17. Bxh4 Qxh4 18. Qf4 Rd8 19. Rde1 Ba6 20. Bxa6 Rxa6 21. Re4 h6 22. Rhe1 Qg5 23. Qxg5 hxg5 24. Re7 a3 25. b3 Kf8 26. Kd2 g6 27. Kd3 Rb6 28. Kc4 Rbb8 29. R1e4 Re8 30. Rxe8+ Rxe8 31. Kb5 Rc8 32. Kb6 Kg7 33. Kb7 Rh8 34. Re2 Rh3 35. Kc6 Rxf3 36. Kxd6 Rc3 37. Ke7 c4 38. d6 cxb3 39. cxb3 Rd3 40. d7 f5 41. d8=Q Rxd8 42. Kxd8 Kf6 43. Kd7 f4 44. Kd6 1-0


[Site "https://www.chess.com"]

[Event "Titled Tuesday Blitz November 22 Early 2022"]
[White "Kirillov, Dmitry"]
[Black "Johnson, Ben"]
[WhiteFideId "34180572"]
[BlackFideId "2010917"]
[WhiteElo "2095"]
[BlackElo "2163"]
[Result "1-0"]
[Round "03"]
[TimeControl "180+1"]
[Date "2022.11.23"]
[WhiteClock "0:00:06"]
[BlackClock "0:00:06"]

1. e4 c5 2. Nc3 Nc6 3. f4 g6 4. Nf3 Bg7 5. Bc4 e6 6. e5 d5 7. exd6 Qxd6 8. Ne4 Qe7 9. d3 Nf6 10. O-O O-O 11. Qe2 Nd5 12. c3 Na5 13. Bb5 a6 14. Ba4 b5 15. Bb3 Bb7 16. Bd2 Nc6 17. Qf2 b4 18. Bxd5 exd5 19. Nxc5 bxc3 20. bxc3 Bc8 21. d4 Na5 22. Rfe1 Qd6 23. Bc1 Bf5 24. h3 Rfe8 25. g4 Be4 26. Nd2 f5 27. g5 Rac8 28. a4 Bf8 29. Ba3 Qc6 30. Bb4 Nb7 31. Ndb3 Nxc5 32. Nxc5 a5 33. Ba3 Rb8 34. Rec1 Rb6 35. Nxe4 dxe4 36. Bxf8 Rxf8 37. c4 Rb3 38. d5 Qd6 39. Kg2 Rf3 40. Qd2 Rxf4 41. c5 Qe5 42. d6 e3 43. Qa2+ Kg7 44. Rf1 Qe4+ 45. Kg3 Rh4 46. Qb2+ Kg8 47. Qg2 Qe5+ 48. Kf3 h6 49. Ke2 Rf4 50. Rxf4 Qxf4 51. Qf3 Qc4+ 52. Kxe3 Re8+ 53. Kf2 Qc2+ 54. Kg3 Re2 55. d7 h5 56. d8=Q+ Kh7 57. Qd7+ 1-0


[Site "https://www.chess.com"]

[Event "Titled Tuesday Blitz November 22 Early 2022"]
[White "Kleiman, Jake"]
[Black "Shapiro, Daniel"]
[WhiteFideId "2020041"]
[BlackFideId "2001780"]
[WhiteElo "2571"]
[BlackElo "2341"]
[Result "1-0"]
[Round "03"]
[TimeControl "180+1"]
[Date "2022.11.23"]
[WhiteClock "0:01:17"]
[BlackClock "0:00:48"]

1. e4 e5 2. Nf3 Nc6 3. Bc4 Be7 4. d3 d6 5. a4 Nf6 6. a5 a6 7. O-O O-O 8. Nc3 h6 9. h3 Be6 10. Re1 Qd7 11. Nd5 Bxd5 12. exd5 Nb8 13. d4 exd4 14. Nxd4 Re8 15. b4 c5 16. bxc5 dxc5 17. Nf3 Qc7 18. Bb2 Nbd7 19. Qd3 Bf8 20. Bc3 Rxe1+ 21. Rxe1 Re8 22. Rb1 Bd6 23. Qf5 g6 24. Qd3 Ne5 25. Nxe5 Bxe5 26. d6 Qd7 27. Bxe5 Rxe5 28. Qxg6+ 1-0


[Site "https://www.chess.com"]

[Event "Titled Tuesday Blitz November 22 Early 2022"]
[White "Korchmar, Vasiliy"]
[Black "Kollars, Dmitrij"]
[WhiteFideId "24131750"]
[BlackFideId "12909572"]
[WhiteElo "2370"]
[BlackElo "2584"]
[Result "0-1"]
[Round "03"]
[TimeControl "180+1"]
[Date "2022.11.22"]
[WhiteClock "0:00:06"]
[BlackClock "0:01:32"]

1. e4 c6 2. d4 d5 3. e5 Bf5 4. c4 e6 5. Nc3 Bb4 6. cxd5 cxd5 7. Ne2 Nc6 8. Ng3 Nge7 9. Be2 Bg6 10. O-O O-O 11. Be3 Rc8 12. Rc1 Na5 13. h4 h6 14. h5 Bh7 15. f4 Nc4 16. Bxc4 Rxc4 17. Qg4 Nf5 18. Nxf5 Bxf5 19. Qf3 Bxc3 20. Rxc3 Rxc3 21. bxc3 Qa5 22. g4 Bd3 23. Qf2 Bxf1 24. f5 Bd3 25. f6 Qxc3 26. fxg7 Rc8 0-1


[Site "https://www.chess.com"]

[Event "Titled Tuesday Blitz November 22 Early 2022"]
[White "Koridze, Lile"]
[Black "Cnejev, Vladimir-Alexandru"]
[WhiteFideId "13612514"]
[BlackFideId "1260898"]
[WhiteElo "2050"]
[BlackElo "2193"]
[Result "1-0"]
[Round "03"]
[TimeControl "180+1"]
[Date "2022.11.23"]
[WhiteClock "0:00:04"]
[BlackClock "0:00:01"]

1. d4 d5 2. c4 e6 3. Nf3 Nf6 4. g3 Be7 5. Bg2 O-O 6. O-O c6 7. Nbd2 b6 8. Qc2 Bb7 9. e4 Na6 10. a3 c5 11. exd5 exd5 12. dxc5 Nxc5 13. b4 Nce4 14. Bb2 Rc8 15. Rad1 Qc7 16. Nxe4 Nxe4 17. Nd2 Nxd2 18. Rxd2 dxc4 19. Bh3 Rcd8 20. Rxd8 Rxd8 21. Bg2 Bxg2 22. Kxg2 Qc6+ 23. f3 b5 24. Re1 Bf6 25. Bc1 h6 26. Qe2 Qd5 27. Be3 a6 28. Bb6 Rd7 29. Qe8+ Kh7 30. Re2 c3 31. Bc5 Qd3 32. Re3 Qd2+ 33. Re2 Qd5 34. Qe3 Qf5 35. g4 Qg6 36. Kg3 c2 37. Qc1 Rd3 38. Qxc2 h5 39. h3 hxg4 40. hxg4 Qg5 41. Qxd3+ 1-0


[Site "https://www.chess.com"]

[Event "Titled Tuesday Blitz November 22 Early 2022"]
[White "Kriti Mayur Patel"]
[Black "Buscar, Michael"]
[WhiteFideId "35061780"]
[BlackFideId "2603616"]
[WhiteElo "1306"]
[BlackElo "2010"]
[Result "0-1"]
[Round "03"]
[TimeControl "180+1"]
[Date "2022.11.23"]
[WhiteClock "0:00:01"]
[BlackClock "0:00:04"]

1. e4 c5 2. d4 cxd4 3. c3 Nf6 4. e5 Nd5 5. Bc4 Nb6 6. Bb3 d5 7. exd6 Qxd6 8. Nf3 Bg4 9. O-O e6 10. h3 Bh5 11. cxd4 Nc6 12. Nc3 Be7 13. Ne4 Qc7 14. Be3 O-O 15. Rc1 Rac8 16. Ng3 Bxf3 17. Qxf3 Qd7 18. Rfd1 Nd5 19. Nh5 Rfd8 20. Qg4 g6 21. Bh6 Nf6 22. Nxf6+ Bxf6 23. Qf4 Bxd4 24. Rc4 Qc7 25. Rdxd4 Rxd4 26. Rxd4 Qxf4 27. Rxf4 Ne5 28. Rd4 f6 29. Bf4 Re8 30. Kh2 Nc6 31. Rd7 g5 32. Bd6 Na5 33. Bb4 Nxb3 34. axb3 b6 0-1


[Site "https://www.chess.com"]

[Event "Titled Tuesday Blitz November 22 Early 2022"]
[White "Krysa, Leandro"]
[Black "Zacurdajev, Dmitry"]
[WhiteFideId "116807"]
[BlackFideId "4196309"]
[WhiteElo "2485"]
[BlackElo "2179"]
[Result "0-1"]
[Round "03"]
[TimeControl "180+1"]
[Date "2022.11.23"]
[WhiteClock "0:00:04"]
[BlackClock "0:00:06"]

1. d4 d5 2. c4 e6 3. Nc3 Nf6 4. cxd5 exd5 5. Bg5 Be7 6. e3 h6 7. Bh4 c6 8. Bd3 Nbd7 9. Rc1 Nb6 10. Bb1 Be6 11. h3 Nc4 12. Qe2 Nd6 13. Nf3 Nfe4 14. Bxe7 Qxe7 15. O-O O-O 16. Ne5 Bf5 17. Rfe1 f6 18. Nd3 Qf7 19. f3 Nxc3 20. bxc3 Rfe8 21. Qf2 Nc4 22. Nb2 Bxb1 23. Nxc4 dxc4 24. Rxb1 b5 25. e4 Qe7 26. Re3 a5 27. Qe2 Qa3 28. Re1 Re7 29. g4 Qa4 30. h4 Rae8 31. g5 hxg5 32. hxg5 fxg5 33. e5 Qa3 34. Kh2 Re6 35. Kg3 Qf8 36. Rh1 Qf4+ 37. Kg2 Rh6 38. Re4 Qf5 39. Rxh6 gxh6 40. e6 Kg7 41. a4 bxa4 42. Qxc4 a3 43. Qa2 Rf8 44. Qf2 g4 45. e7 gxf3+ 46. Kf1 Qxe4 47. Qg3+ Kf7 48. exf8=Q+ Kxf8 49. Qd6+ Kf7 50. Qd7+ Kf6 51. Qd6+ Kg5 0-1


[Site "https://www.chess.com"]

[Event "Titled Tuesday Blitz November 22 Early 2022"]
[White "Krzywda, Andrzej"]
[Black "Barria Zuniga, Daniel"]
[WhiteFideId "1114565"]
[BlackFideId "3400816"]
[WhiteElo "2149"]
[BlackElo "2414"]
[Result "0-1"]
[Round "03"]
[TimeControl "180+1"]
[Date "2022.11.23"]
[WhiteClock "0:00:10"]
[BlackClock "0:00:07"]

1. e4 c5 2. Nf3 Nc6 3. Bb5 a6 4. Bxc6 bxc6 5. O-O e6 6. d3 a5 7. a4 Ne7 8. h4 h5 9. Bg5 f6 10. Be3 Ng6 11. Nbd2 d5 12. Nb3 d4 13. Bc1 Bd6 14. Nbd2 e5 15. Nc4 Bg4 16. g3 O-O 17. Kg2 f5 18. Bg5 Be7 19. Bxe7 Qxe7 20. Ncd2 fxe4 21. dxe4 Rxf3 22. Nxf3 Rf8 23. Ra3 c4 24. Qe1 Qb4 25. c3 Qxb2 26. cxd4 Qxa3 27. Ng5 Bf3+ 28. Kh2 exd4 29. e5 Qd3 30. e6 Be2 31. Rg1 c3 32. f4 Rb8 33. Rg2 Rb2 34. f5 Ne7 35. f6 gxf6 36. Qf2 Bf3 37. Qxf3 Qxf3 38. Nxf3 Rxg2+ 39. Kxg2 c2 40. Nxd4 c1=Q 41. Nf3 Qb2+ 42. Kh3 Qb3 43. g4 Qd5 44. Kh2 Qd6+ 45. Kh3 Qxe6 46. Kg3 Qxg4+ 47. Kf2 Qxa4 48. Kg2 Qb4 49. Kh2 Qb5 50. Kh1 Qd5 51. Kh2 a4 52. Ng1 a3 53. Ne2 a2 54. Nf4 Qe5 55. Kh3 Qxf4 56. Kg2 Qg4+ 57. Kf2 Qxh4+ 58. Kg1 Qg3+ 59. Kh1 Qb3 60. Kg1 Kf7 0-1


[Site "https://www.chess.com"]

[Event "Titled Tuesday Blitz November 22 Early 2022"]
[White "Kuchava, Ana"]
[Black "Yeritsyan, Hayk"]
[WhiteFideId "13605348"]
[BlackFideId "13307320"]
[WhiteElo "2001"]
[BlackElo "2386"]
[Result "1-0"]
[Round "03"]
[TimeControl "180+1"]
[Date "2022.11.23"]
[WhiteClock "0:00:28"]
[BlackClock "0:00:01"]

1. d4 d6 2. Nf3 Nc6 3. c4 e5 4. d5 Nb8 5. Nc3 f5 6. g3 Nf6 7. Bg2 Be7 8. O-O h6 9. Nh4 O-O 10. Qc2 Ne8 11. Ng6 Rf7 12. e4 Kh7 13. Nxe7 Qxe7 14. exf5 Bxf5 15. Be4 Bxe4 16. Nxe4 Kg8 17. f4 Nd7 18. fxe5 Rxf1+ 19. Kxf1 Qxe5 20. Bf4 Qf5 21. Kg1 Nc5 22. Re1 Nxe4 23. Qxe4 Qxe4 24. Rxe4 Kf7 25. Be3 Nf6 26. Re6 Re8 27. Rxe8 Kxe8 28. Bd4 Kf7 29. Kg2 b6 30. Kf3 Nd7 31. Ke4 g6 32. b4 Nf8 33. c5 bxc5 34. bxc5 a6 35. c6 Ke7 36. Bg7 Nh7 37. Bxh6 Nf6+ 38. Kd4 Ng4 39. Bg5+ Ke8 40. h4 Ne5 41. Bf6 Nf3+ 42. Ke4 Nd2+ 43. Kf4 Nc4 44. Kg5 Kf7 45. Bd8 Nb6 46. Bxc7 Nxd5 47. Bxd6 Nb6 48. Bc5 Nc8 49. g4 Kg7 50. h5 gxh5 51. gxh5 Kh7 52. h6 a5 53. a4 Kg8 54. Kg6 Kh8 55. Bd4+ 1-0


[Site "https://www.chess.com"]

[Event "Titled Tuesday Blitz November 22 Early 2022"]
[White "Kulkarni, Vikramaditya"]
[Black "Piesik, Piotr"]
[WhiteFideId "5009847"]
[BlackFideId "1136194"]
[WhiteElo "2273"]
[BlackElo "2316"]
[Result "1/2-1/2"]
[Round "03"]
[TimeControl "180+1"]
[Date "2022.11.23"]
[WhiteClock "0:00:04"]
[BlackClock "0:00:10"]

1. e4 g6 2. d4 Bg7 3. Nf3 c6 4. c3 d6 5. h3 Nf6 6. Bd3 O-O 7. O-O Nbd7 8. Re1 e5 9. Bg5 Re8 10. dxe5 dxe5 11. Bc4 Qe7 12. a4 a5 13. Nbd2 Nc5 14. Bh4 Qc7 15. Qe2 Nh5 16. Ng5 Ne6 17. Nxe6 Bxe6 18. Bxe6 Rxe6 19. Qe3 Bf8 20. Kh2 Be7 21. Bg3 Nxg3 22. fxg3 Rd8 23. Nc4 Rd7 24. Rad1 Bd8 25. Rf1 h5 26. Qc5 Rxd1 27. Rxd1 b6 28. Qf2 b5 29. Na3 bxa4 30. Nc4 Be7 31. Qb6 Qxb6 32. Nxb6 a3 33. bxa3 Bxa3 34. Nc4 Be7 35. Nxa5 Kg7 36. Rd7 Kf6 37. Kg1 Bc5+ 38. Kf1 Kg7 39. Rd3 f5 40. Rd7+ Kf6 41. Nb3 Bb6 42. Rb7 Be3 43. Ke2 f4 44. Na5 Bg1 45. Kf1 Bc5 46. Nb3 Be3 47. Ke2 Rd6 48. Rc7 Bb6 49. Rb7 Bg1 50. gxf4 exf4 51. Rb4 g5 52. Nd2 Be3 53. e5+ Kxe5 54. Nc4+ Kd5 55. Nxd6 Kxd6 56. Kf3 Ke5 57. Re4+ Kf5 58. g4+ hxg4+ 59. hxg4+ Kf6 60. Re8 Bd2 61. c4 Be3 62. Ke4 c5 63. Re5 Bd4 64. Rf5+ Kg6 65. Kd5 Be3 66. Ke4 Bd4 67. Rf8 Be3 68. Rf5 Bd4 1/2-1/2


[Site "https://www.chess.com"]

[Event "Titled Tuesday Blitz November 22 Early 2022"]
[White "Kvaloy, Aksel Bu"]
[Black "Kim, Sergey"]
[WhiteFideId "1528815"]
[BlackFideId "13700570"]
[WhiteElo "2184"]
[BlackElo "2600"]
[Result "0-1"]
[Round "03"]
[TimeControl "180+1"]
[Date "2022.11.23"]
[WhiteClock "0:01:38"]
[BlackClock "0:01:42"]

1. e4 e5 2. Nf3 Nc6 3. d4 exd4 4. Bc4 Nf6 5. e5 d5 6. Bb5 Ne4 7. Nxd4 Bc5 8. Be3 Bxd4 9. Bxd4 O-O 10. O-O Nxd4 11. Qxd4 c5 12. Qd1 f5 13. exf6 Nxf6 14. Nd2 Bg4 15. f3 Bf5 16. c3 Qb6 17. Qe2 a6 18. Ba4 Qxb2 19. g4 Bg6 20. Qf2 b5 21. Bb3 c4 22. Bd1 Qxa1 23. g5 Qxc3 24. Qd4 Qxd4+ 0-1


[Site "https://www.chess.com"]

[Event "Titled Tuesday Blitz November 22 Early 2022"]
[White "Larina, Maria"]
[Black "Rios Escobar, Adan"]
[WhiteFideId "24113182"]
[BlackFideId "3403645"]
[WhiteElo "1848"]
[BlackElo "2347"]
[Result "0-1"]
[Round "03"]
[TimeControl "180+1"]
[Date "2022.11.23"]
[WhiteClock "0:00:21"]
[BlackClock "0:00:09"]

1. e4 c5 2. Nc3 d6 3. d4 cxd4 4. Qxd4 Nc6 5. Qd2 g6 6. b3 Bh6 7. f4 e5 8. g3 Nf6 9. Bb2 O-O 10. Nge2 Bg4 11. Bg2 Re8 12. Nd5 Nxd5 13. Qxd5 Nb4 14. Qd2 Rc8 15. c4 a5 16. O-O b5 17. a3 Na6 18. Rac1 Qb6+ 19. Kh1 bxc4 20. bxc4 Nc5 21. Rb1 Qc6 22. Nc3 Nb3 23. Qe3 Qxc4 24. Nd5 Bg7 25. Nb6 Qe2 26. Qxe2 Bxe2 27. Nxc8 Bxf1 28. Nxd6 Bxg2+ 29. Kxg2 Rd8 30. fxe5 Nd2 31. Rd1 Nxe4 32. Rd4 Nxd6 33. Rxd6 Rxd6 34. exd6 Bxb2 35. d7 Bf6 36. Kf3 Kf8 0-1


[Site "https://www.chess.com"]

[Event "Titled Tuesday Blitz November 22 Early 2022"]
[White "Lauridsen, Jesper Morch"]
[Black "Reprintsev, Alexander"]
[WhiteFideId "1401890"]
[BlackFideId "14100541"]
[WhiteElo "2248"]
[BlackElo "2230"]
[Result "0-1"]
[Round "03"]
[TimeControl "180+1"]
[Date "2022.11.23"]
[WhiteClock "0:00:51"]
[BlackClock "0:01:07"]

1. e4 d5 2. exd5 Qxd5 3. Nf3 Bg4 4. Be2 Nc6 5. d4 O-O-O 6. Be3 e5 7. c4 Qa5+ 8. Bd2 Bb4 9. d5 Bxf3 10. Bxf3 Nd4 11. Nc3 Qa6 12. b3 Qg6 13. O-O Nf6 14. a3 Bxc3 15. Bxc3 Nxf3+ 16. Qxf3 Rhe8 17. Rae1 e4 18. Qh3+ Kb8 19. Bxf6 gxf6 20. Re3 f5 21. f3 Qb6 22. f4 c6 23. Kh1 cxd5 24. cxd5 Rxd5 25. Rfe1 Red8 26. Qg3 Rd3 27. h3 Qxb3 28. Rxd3 Qxd3 29. Qg7 Qd2 30. Qe5+ Ka8 31. Rb1 e3 32. Qc7 Qd7 33. Rxb7 Qxc7 34. Rxc7 e2 35. Re7 Rd1+ 36. Kh2 e1=Q 0-1


[Site "https://www.chess.com"]